 Dungeon Crawl Stone Soup version 0.24-a0-117-g53b51606c3 (webtiles) character file.

Game seed: 1845145676468237865

217 Hercules1031 the Digger (level 5, 0/30 HPs)
             Began as a Gargoyle Earth Elementalist on Feb 18, 2019.
             Slain by Duvessa
             ... wielding a +0 short sword
              (4 damage)
             ... on level 4 of the Dungeon.
             The game lasted 00:09:48 (1617 turns).

Hercules1031 the Digger (GrEE)                      Turns: 1617, Time: 00:09:49

Health: 0/30       AC:  6    Str: 12    XL:     5   Next: 94%
Magic:  0/10       EV: 12    Int: 18    God:
Gold:   119        SH:  0    Dex: 12    Spells: 5/11 levels left

rFire    . . .     SeeInvis .   (no weapon)
rCold    . . .     Gourm    .   (no shield)
rNeg     + . .     Faith    .   h - +0 robe
rPois    ∞         Spirit   .   (no helmet)
rElec    +         Reflect  .   f - scarf {cloud immunity}
rCorr    .         Harm     .   (no gloves)
MR       .....                  (no boots)
Stlth    ++........             (no amulet)
HPRegen  0.10/turn              (no ring)
MPRegen  0.12/turn              (no ring)

@: very slightly contaminated
A: agile 1, clever 1, negative energy resistance 1, electricity resistance,
unbreathing, petrification resistance, rot immunity, AC +4
a: no special abilities


You were on level 4 of the Dungeon.
You were not hungry.

You visited 1 branch of the dungeon, and saw 4 of its levels.

You collected 119 gold pieces.

Inventory:

Missiles
 b - 46 stones (quivered)
Armour
 c - a +0 robe
 f - a scarf of cloud immunity (worn)
 h - a +0 robe (worn)
Wands
 a - a wand of acid (9)
 i - a wand of iceblast (11)
Scrolls
 e - 2 scrolls of teleportation
Potions
 g - a potion of curing {unknown}
 j - a potion of cancellation {unknown}
 k - a potion of brilliance {unknown}
Comestibles
 d - 4 rations


   Skills:
 - Level 2.1 Fighting
 + Level 2.4 Dodging
 - Level 2.1 Stealth
 * Level 3.5 Spellcasting
 + Level 2.3 Conjurations
 - Level 0.7 Transmutations
 + Level 4.4 Earth Magic


You had 5 spell levels left.
You knew the following spells:

 Your Spells              Type           Power        Failure   Level  Hunger
a - Sandblast             Erth           ###...       2%          1    None
b - Passwall              Tmut/Erth      ##......     9%          2    ##.....
c - Stone Arrow           Conj/Erth      ###...       12%         3    ###....

Your spell library contained the following spells:

 Spells                   Type           Power        Failure   Level  Hunger
 Petrify                  Tmut/Erth      ##......     47%         4    ####...
 Lee's Rapid Deconstruct  Erth           ###.......   56%         5    ######.


Dungeon Overview and Level Annotations

Branches:
Dungeon (3/15)

Altars:

Annotations:
D:4 Duvessa


Innate Abilities, Weirdness & Mutations

You are resistant to torment.
Your stone body is resilient. (AC +4)
You are immune to poison.
You resist negative energy. (rN+)
You are resistant to electric shocks. (rElec)
You can survive without breathing.
You are immune to petrification.
You are immune to rotting.
You are agile. (Dex +2)
Your mind is acute. (Int +2)


Message History

Aim: Dowan, wielding a +0 dagger and wearing a +2 robe of cold resistance (almost dead)
The blast of sand hits Dowan!
You kill Dowan!
Duvessa weeps, then rights herself and shakes her weapon.
Duvessa goes berserk!
Training target 2.0 for Fighting reached!
Your Fighting skill increases to level 2!
b - 47 stones Duvessa hits you with a +0 short sword!
* * * LOW HITPOINT WARNING * * *
Casting: Sandblast (safe; 2% risk of failure)
Confirm with . or Enter, or press ? or * to list all spells.
Aiming: Sandblast (safe; 2% risk of failure)
Press: ? - help, Shift-Dir - straight line, f - Duvessa
Aim: Duvessa, wielding a +0 short sword and wearing a cursed -1 ring mail (lightly wounded, berserk, fast, unusually strong)
The blast of sand hits Duvessa but does no damage.
Duvessa is lightly wounded.
b - 46 stones Duvessa hits you but does no damage.
Duvessa hits you with a +0 short sword.
You die...

################
......e........#
......)@..####
#########.#..#
#........#
###.###.##.#
#...# #....#
#.### ###### #.#
#.#########
#.........#


You could see Duvessa (berserk).

Vanquished Creatures
  Dowan (D:4)
  An orc wizard (D:2)
  Robin (D:2)
  5 adders
  An ooze (D:2)
  A worm (D:2)
  3 dart slugs
  2 orcs (D:2)
  5 bats
  3 giant cockroaches (D:1)
  13 goblins
  15 hobgoblins
  A ball python (D:2)
  4 frilled lizards
  7 kobolds
  7 rats
70 creatures vanquished.

Notes
Turn   | Place    | Note
-------+----------+-------------------------------------------
     0 | D:1      | Hercules1031 the Gargoyle Earth Elementalist began the
                  | quest for the Orb.
     0 | D:1      | Reached XP level 1. HP: 10/10 MP: 3/3
    88 | D:1      | Reached XP level 2. HP: 16/16 MP: 1/5
   268 | D:1      | Reached skill level 1 in Fighting
   411 | D:1      | Reached XP level 3. HP: 18/20 MP: 6/6
   501 | D:1      | Reached skill level 4 in Earth Magic
   605 | D:1      | Learned a level 2 spell: Passwall
   609 | D:1      | Learned a level 3 spell: Stone Arrow
   713 | D:2      | Gained mutation: Your mind is acute. (Int +2) [potion of
                  | mutation]
   713 | D:2      | Gained mutation: You are agile. (Dex +2) [potion of
                  | mutation]
   745 | D:2      | Reached XP level 4. HP: 25/25 MP: 3/8
   773 | D:2      | Reached skill level 1 in Conjurations
   925 | D:2      | Noticed Robin
   968 | D:2      | HP: 1/25 [Robin/+0 falchion (2)]
   969 | D:2      | Killed Robin
   986 | D:2      | HP: 1/25 [hobgoblin/+0 club[Robin] (1)]
  1009 | D:2      | Reached XP level 5. HP: 3/29 MP: 1/9
  1559 | D:3      | You fall through a shaft!
  1604 | D:4      | Noticed Duvessa
  1604 | D:4      | Noticed Dowan
  1616 | D:4      | Killed Dowan
  1617 | D:4      | Slain by Duvessa

Levels and vault maps discovered:
D:1:      dpeg_arrival_court, layout_rooms
D:2:      layout_basic, uniq_robin
D:3:      lemuel_upstairs_altar, layout_rooms, marbit_many_paths,
          kennysheep_slug_shrine, chequers_ecumenical_altar_simple_redux,
          minmay_strange_pillars, uniq_terence
D:4:      layout_basic, kennysheep_diamond, uniq_blork_the_orc, uniq_pikel,
          uniq_ijyb, uniq_duvessa

Skill      XL: |  1  2  3  4  5 |
---------------+----------------+-----
Fighting       | 1 2 |  2.1
Earth Magic    | 4 |  4.4
Dodging        | 2 |  2.4
Conjurations   | 1 2 |  2.3
Spellcasting   | 3 |  3.5
Stealth        | |  2.1
Transmutations | |  0.7

Action                   |  1- 3 |  4- 6 || total
-------------------------+-------+-------++-------
Melee: Unarmed           |    52 |    62 ||   114
 Cast: Sandblast         |    46 |    53 ||    99
  Use: Scroll            |     5 |     1 ||     6
       Potion            |     3 |     1 ||     4
  Eat: Ration            |       |     1 ||     1
Armor: Robe              |    18 |    33 ||    51
Dodge: Dodged            |    50 |    45 ||    95

Table legend:
 A = Non-vault XP
 B = Vault XP
 C = Vault XP percentage of total XP
 D = Non-vault monster count
 E = Vault monster count
 F = Vault count percentage of total count
                 A         B        C        D         E       F
            +---------+---------+-------+---------+---------+-------
      Total |     203 |     108 |  34.7 |      56 |      14 |  20.0
            +---------+---------+-------+---------+---------+-------
        D:1 |      45 |       0 |   0.0 |      25 |       0 |   0.0
        D:2 |     142 |      39 |  21.5 |      29 |      13 |  31.0
        D:3 |      16 |       0 |   0.0 |       2 |       0 |   0.0
        D:4 |       0 |      69 | 100.0 |       0 |       1 | 100.0
            +---------+---------+-------+---------+---------+-------
